 Dungeon Crawl Stone Soup version 0.18.1-50-g88ac8fd (webtiles) character file.

2893 Gargoyl the Envoy of Void (level 9, 0/68 HPs)
             Began as a Demonspawn Abyssal Knight on Sept 23, 2016.
             Was a High Priest of Lugonu.
             Succumbed to a killer bee's poison
             ... on level 7 of the Dungeon.
             The game lasted 00:18:21 (7805 turns).

Gargoyl the Envoy of Void (DsAK)                    Turns: 7805, Time: 00:18:22

Health: 0/68       AC: 24    Str: 15    XL:     9   Next: 48%
Magic:  14/14      EV:  2    Int: 14    God:    Lugonu [*****.]
Gold:   513        SH: 20    Dex: 15    Spells: 0 memorised, 8 levels left

rFire  + + .     SeeInvis .     h - +0 war axe (vamp)
rCold  . . .     Gourm    .     k - +0 plate armour
rNeg   . . .     Faith    .     s - +0 large shield
rPois  .         Spirit   .     j - +0 helmet
rElec  .         Dismiss  .     u - +2 cloak {+Inv}
rCorr  .         Reflect  +     w - +0 pair of gloves
SustAt .         Harm     .     f - +1 pair of boots
MR     .....                    n - +6 amulet of reflection
Stlth  ..........               t - +3 ring of dexterity
                                l - ring of protection from fire

@: lethally poisoned (0 -> -9), very slightly contaminated, not resistant to
hostile enchantments, extremely unstealthy
A: hooves 1, rough black scales 1, demonic guardian 2, fire resistance 1, flame
cloud immunity
a: Depart the Abyss, Bend Space, Banish, Corrupt, Enter the Abyss, Renounce
Religion, Evoke Invisibility


You were on level 7 of the Dungeon.
You worshipped Lugonu.
Lugonu was extremely pleased with you.
You were not hungry.

You visited 1 branch of the dungeon, and saw 7 of its levels.
You visited the Abyss 1 time.

You collected 513 gold pieces.

Inventory:

Hand Weapons
 h - a +0 vampiric war axe (weapon)
 m - a +1 hand axe of chopping
Missiles
 i - 3 javelins (quivered)
 q - 3 tomahawks
Armour
 f - a +1 pair of boots (worn)
 j - a +0 helmet (worn)
 k - a +0 plate armour (worn)
 s - a +0 large shield (worn)
 u - a +2 cloak of invisibility (worn)
 w - a +0 pair of gloves (worn)
Jewellery
 l - a ring of protection from fire (left hand)
 n - a +6 amulet of reflection (around neck)
 t - a +3 ring of dexterity (right hand)
 A - an uncursed ring of positive energy {unknown}
Wands
 p - a wand of teleportation (4/9)
 C - a wand of iceblast (9/15)
Scrolls
 g - 3 scrolls of remove curse
 y - 3 scrolls of magic mapping
 B - 3 scrolls of identify
Potions
 a - a potion of agility {unknown}
 b - a potion of brilliance
 e - 3 potions of might
 x - a potion of degeneration
 z - a potion of berserk rage {unknown}
Books
 r - a Grand Grimoire

   Spells                             Type                      Level
   a - Monstrous Menagerie            Summoning                    7
   b - Summon Greater Demon           Summoning                    7
   c - Malign Gateway                 Summoning/Translocation      7
   d - Summon Horrible Things         Summoning                    8
Comestibles
 c - a bread ration
 d - a royal jelly
 o - 6 meat rations


   Skills:
 + Level 5.1 Fighting
 + Level 4.4 Axes
 + Level 0.1 Throwing
 * Level 5.9 Armour
 + Level 3.1 Dodging
 + Level 5.9 Shields
 * Level 7.4 Invocations
 + Level 2.9 Evocations


You had 8 spell levels left.
You didn't know any spells.

Dungeon Overview and Level Annotations

Branches:
Dungeon (7/15)             Temple (0/1) D:5

Altars:
Makhleb
Nemelex Xobeh

Shops:
D:6 (


Innate Abilities, Weirdness & Mutations

You are partially covered in rough black scales (AC +4, Dex -1).
A demonic guardian rushes to your aid.
Your flesh is heat resistant.
You are immune to clouds of flame.
You have large cloven feet.


Message History

You closely miss the killer bee.
The killer bee is severely wounded.
You closely miss the killer bee.
The killer bee is almost dead.
You miss the killer bee.
The killer bee is severely wounded.
You flicker back into view.
* * * LOW HITPOINT WARNING * * *
You feel sick.
The killer bee stings you but does no damage.
The killer bee barely misses you. You block the killer bee's attack. x2
The killer bee stings you but does no damage. x3
You block the killer bee's attack. x2
You miss the killer bee.
The killer bee is severely wounded.
You miss the killer bee.
The killer bee is almost dead.
Your plate armour prevents you from hitting the killer bee.
The killer bee is severely wounded.
You die...

###.##...##
##...#..
#.###.##
######. #.#
#... ## #.#
##### #
#.###.#
#....#######
#.###........
#.#########
#.y@y........#
###y######.#.#
#.# #.#.# #.#
#.#.## #.#
#..#.# #.#
#...#
#..#####..#
##.#...)..#
.#<####.#


You could see 3 killer bees.

Vanquished Creatures
  The ghost of Perturabo the Covered, a novice HOFi of Beogh (D:6)
  A phantom (D:7)
  2 centaurs (D:5)
  2 ogres
  2 big kobolds (D:6)
  4 scorpions (D:6)
  A killer bee (D:7)
  A centaur zombie (D:5)
  A jelly (D:7)
  4 orc priests
  4 hounds
  4 giant frog skeletons
  Crazy Yiuf (D:3)
  A centaur skeleton (D:4)
  Ijyb (D:3)
  7 orc wizards
  5 worker ants
  A hound zombie (D:6)
  A hound skeleton (D:4)
  A worker ant zombie (D:6)
  A howler monkey zombie (D:5)
  2 howler monkey skeletons
  10 adders
  5 gnolls (D:6)
  2 shadow imps
  An adder zombie (D:6)
  2 adder skeletons (D:5)
  3 worms
  A dart slug (D:2)
  4 giant geckos
  16 orcs
  5 giant cockroaches
  9 goblins
  9 hobgoblins
  10 jackals
  3 quokkas
  3 ball pythons
  A ball python zombie (D:5)
  8 bats
  4 giant newts
  A jackal skeleton (D:7)
  11 kobolds
  10 rats
166 creatures vanquished.

Vanquished Creatures (collateral kills)
  Menkaure (D:6)
  Duvessa (D:6)
  A phantom (D:5)
  An orc warrior (D:7)
  An ice beast (D:5)
  2 gnoll sergeants (D:6)
  Dowan (D:6)
  4 orc priests
  A gnoll shaman (D:6)
  A hound (D:6)
  2 orc wizards
  A worker ant (D:4)
  A gnoll (D:6)
  3 orcs
  3 hobgoblins (D:6)
24 creatures vanquished.

Vanquished Creatures (others)
  A hungry ghost (D:7)
  2 orcs
  2 kobolds (D:6)
5 creatures vanquished.

Grand Total: 195 creatures vanquished

Notes
Turn   | Place    | Note
--------------------------------------------------------------
     0 | Abyss:1  | Gargoyl the Demonspawn Abyssal Knight began the quest for the Orb.
     0 | Abyss:1  | Reached XP level 1. HP: 18/18 MP: 2/2
    67 | Abyss:1  | Noticed a crystal guardian
    91 | Abyss:1  | Noticed an ancient zyme
    94 | Abyss:1  | Noticed a neqoxec
    95 | Abyss:1  | Noticed a great orb of eyes
    96 | D:1      | Escaped the Abyss
   350 | D:1      | Reached * piety under Lugonu
   482 | D:1      | Gained mutation: Your flesh is heat resistant. [demonic ancestry]
   482 | D:1      | Reached XP level 2. HP: 18/24 MP: 3/3
   756 | D:1      | Reached skill level 1 in Dodging
  1161 | D:2      | Found a faded altar to an unknown god.
  1169 | D:2      | Reached skill level 3 in Invocations
  1177 | D:2      | Reached XP level 3. HP: 21/29 MP: 5/5
  1191 | D:2      | Reached ** piety under Lugonu
  1788 | D:2      | Gained mutation: You are partially covered in rough black scales (AC +4, Dex -1). [demonic ancestry]
  1788 | D:2      | Reached XP level 4. HP: 16/37 MP: 6/6
  2340 | D:3      | Noticed Ijyb
  2355 | D:3      | Killed Ijyb
  2410 | D:3      | Gained mutation: A weak demonic guardian rushes to your aid. [demonic ancestry]
  2410 | D:3      | Reached XP level 5. HP: 37/42 MP: 7/7
  2411 | D:3      | Found a burning altar of Makhleb.
  2781 | D:3      | Noticed Crazy Yiuf
  2794 | D:3      | Killed Crazy Yiuf
  3636 | D:4      | HP: 2/63 [poisoned by an orc wizard]
  3638 | D:4      | Reached skill level 4 in Invocations
  3639 | D:4      | Gained mutation: A demonic guardian rushes to your aid. [demonic ancestry]
  3639 | D:4      | Reached XP level 6. HP: 12/48 MP: 7/9
  3645 | D:4      | Reached *** piety under Lugonu
  3954 | D:4      | Reached skill level 1 in Shields
  4525 | D:4      | Reached XP level 7. HP: 41/54 MP: 7/10
  4698 | D:5      | Entered Level 5 of the Dungeon
  5093 | D:5      | Found a staircase to the Ecumenical Temple.
  5123 | D:5      | Reached skill level 5 in Invocations
  5125 | D:5      | Reached skill level 1 in Evocations
  5129 | D:5      | Reached **** piety under Lugonu
  5393 | D:5      | Reached XP level 8. HP: 41/60 MP: 10/12
  5954 | D:6      | Reached skill level 5 in Armour
  6063 | D:6      | Noticed Perturabo's ghost (novice HOFi)
  6090 | D:6      | Killed Perturabo's ghost
  6090 | D:6      | Reached skill level 6 in Invocations
  6176 | D:6      | Found Puoc's Weapon Emporium.
  6260 | D:6      | Noticed Duvessa
  6267 | D:6      | Noticed Dowan
  6274 | D:6      | Killed Dowan
  6279 | D:6      | Killed Duvessa
  6369 | D:6      | Noticed Menkaure
  6375 | D:6      | Killed Menkaure
  6532 | D:6      | Reached skill level 5 in Shields
  6538 | D:6      | Gained mutation: You are immune to clouds of flame. [demonic ancestry]
  6538 | D:6      | Reached XP level 9. HP: 54/67 MP: 11/13
  6630 | D:6      | Reached ***** piety under Lugonu
  7032 | D:6      | Reached skill level 5 in Fighting
  7259 | D:7      | Reached skill level 7 in Invocations
  7339 | D:7      | Found a sparkling altar of Nemelex Xobeh.
  7803 | D:7      | Gained mutation: You have large cloven feet. [potion of beneficial mutation]
  7803 | D:7      | HP: 3/68 [killer bee (5)]
  7804 | D:7      | HP: 1/68 [poisoned by a killer bee]
  7805 | D:7      | Succumbed to a killer bee's poison

Skill      XL: |  1  2  3  4  5  6  7  8  9 |
---------------+----------------------------+-----
Armour         | 2 3 4 5 |  5.9
Dodging        | 1 2 3 |  3.1
Invocations    | 3 4 5 6 7 |  7.4
Axes           | 2 3 4 |  4.4
Fighting       | 4 5 |  5.1
Shields        | 1 3 5 |  5.9
Evocations     | 1 2 |  2.9
Throwing       | |  0.1

Action                   |  1- 3 |  4- 6 |  7- 9 || total
-------------------------+-------+-------+-------++-------
Melee: Hand axe          |   122 |   190 |   315 ||   627
       War axe           |       |       |   170 ||   170
Throw: Tomahawk          |       |       |     1 ||     1
       Javelin           |       |       |     2 ||     2
Invok: Depart the Abyss  |     1 |       |       ||     1
       Banish            |       |       |     1 ||     1
 Abil: Evoke Invisibilit |       |     3 |    15 ||    18
  Use: Scroll            |     2 |     7 |     5 ||    14
       Potion            |       |     9 |     1 ||    10
 Stab: Invisible         |       |     7 |    45 ||    52
  Eat: Chunk             |     2 |     7 |    18 ||    27
       Bread ration      |       |     1 |     1 ||     2
       Pizza             |       |       |     2 ||     2
       Meat ration       |       |       |     1 ||     1
Armor: Leather armour    |     9 |       |       ||     9
       Ring mail         |    51 |     8 |       ||    59
       Scale mail        |       |   119 |       ||   119
       Skin              |       |    24 |       ||    24
       Plate armour      |       |    37 |   307 ||   344
Dodge: Dodged            |    96 |    55 |    20 ||   171
Block: Large shield      |       |   122 |   565 ||   687
       Reflection        |       |       |     7 ||     7
